 Dungeon Crawl Stone Soup version 0.17-a0-146-gd505748 (webtiles) character file.

687 Ngotmuk the Covered (level 7, -2/66 HPs)
             Began as a Deep Dwarf Fighter on Mar 25, 2015.
             Killed from afar by an orc wizard (5 damage)
             ... with a magic dart
             ... on level 5 of the Dungeon.
             The game lasted 00:10:12 (3384 turns).

Ngotmuk the Covered (Deep Dwarf Fighter)            Turns: 3384, Time: 00:10:12

Health: -2/66      AC: 13    Str: 22    XL:     7   Next: 35%
Magic:  7/7        EV:  4    Int:  8    God:
Gold:   157        SH: 10    Dex: 12    Spells: 0 memorised, 6 levels left

rFire  . . .     SeeInvis .     w - +0 short sword (vamp)
rCold  . . .     Clarity  .     l - +0 plate armour
rNeg   . . .     SustAb   .     c - +0 shield
rPois  .         Gourm    .     (no helmet)
rElec  .         Spirit   .     (no cloak)
rCorr  .         Warding  .     (no gloves)
rMut   .         Stasis   .     u - +0 pair of boots
MR     +....                    (no amulet)
Stlth  ..........               (no ring)
                                (no ring)

@: lethally poisoned (-2 -> -2), non-regenerating, somewhat resistant to hostile
enchantments, extremely unstealthy
A: damage resistance, recharge devices, sense surroundings 1, slow healing 3
a: Device Recharging


You were on level 5 of the Dungeon.
You were very full.

You visited 1 branch of the dungeon, and saw 5 of its levels.

You collected 157 gold pieces.

Inventory:

Hand weapons
 t - the +4 dagger of Soixunk {pierce, -Tele rN+ Int+3}
   (You found it on level 4 of the Dungeon)

   It inflicts extra damage upon your enemies.
   It affects your intelligence (+3).
   It protects you from negative energy.
   It prevents most forms of teleportation.
 w - a +0 vampiric short sword (weapon)
Missiles
 a - 7 silver sling bullets
Armour
 c - a +0 shield (worn)
 l - a +0 plate armour (worn)
 u - a +0 pair of boots (worn)
Magical devices
 d - a wand of heal wounds (0)
Scrolls
 i - 4 scrolls of identify
 k - a scroll of noise {unknown}
 m - 4 scrolls of remove curse {unknown}
 n - 2 scrolls of fear {unknown}
 q - a scroll of enchant armour {unknown}
Potions
 e - a potion of might
 g - a potion of curing {unknown}
 j - a potion of flight
 o - a potion of mutation {unknown}
 p - a potion of brilliance {unknown}
 s - a potion of agility {unknown}
 v - a potion of restore abilities {unknown}
Comestibles
 b - 2 beef jerkies
 f - 3 bread rations


   Skills:
 + Level 4.7 Fighting
   Level 3.8 Maces & Flails
 + Level 5.8 Armour
 + Level 5.4 Shields


You had 6 spell levels left.
You didn't know any spells.

Dungeon Overview and Level Annotations

Branches:
Dungeon (5/15)
 Temple: D:4-7

Altars:
Elyvilon
Okawaru

Annotations:
D:5 Pikel


Innate Abilities, Weirdness & Mutations

You are resistant to damage.
You can recharge devices by infusing magical energy.
You passively map a small area around you.
You do not heal naturally.


Message History

The water moccasin bites you but does no damage.
You block the orc wizard's attack.
You miss the water moccasin.
The water moccasin is severely wounded.
The water moccasin bites you.
* * * LOW HITPOINT WARNING * * *
You are more poisoned.
The water moccasin poisons you!
The orc wizard hits you but does no damage.
The water moccasin bites you but does no damage.
You miss the water moccasin.
The water moccasin is severely wounded.
You block the water moccasin's attack.
The orc wizard gestures wildly while chanting.
The orc wizard seems to speed up.
You block the water moccasin's attack.
You barely miss the water moccasin.
The water moccasin is severely wounded.
The orc wizard gestures at you while chanting.
The magic dart hits you!
You die...

# , , , .# # * ###
######.#####
..#...#.)..........,
#....[.#.##)........,
*
#.........#.........
#......#............
* *
..#.#....#Ko.......
#.#...##S######## * ,
..#.......@######*
,............o.....$.
, ##.###...#..###....
* * .. ,#...#..# ..
#. ##..#..## , *
#####..#...#..... , ,
........<......... ,
#####..###.#.#### * *
#.. ..#.#


You could see a water moccasin, an orc wizard, an orc and a kobold.

Vanquished Creatures
  2 ogres (D:4)
  An orc priest (D:5)
  A hound (D:4)
  A crimson imp (D:4)
  A giant frog skeleton (D:4)
  A worker ant (D:4)
  3 orc wizards
  An iguana (D:4)
  2 hound zombies
  9 adders
  A shadow imp (D:4)
  3 worms (D:2)
  An adder skeleton (D:4)
  5 giant geckos
  2 oozes
  12 orcs
  11 bats
  6 giant cockroaches
  9 goblins
  9 hobgoblins
  5 jackals
  7 kobolds
  3 quokkas
  2 ball pythons
  5 giant newts
  A quokka skeleton (D:4)
  6 rats
110 creatures vanquished.

Notes
Turn   | Place    | Note
--------------------------------------------------------------
     0 | D:1      | Ngotmuk, the Deep Dwarf Fighter, began the quest for the Orb.
     0 | D:1      | Reached XP level 1. HP: 20/20 MP: 1/1
   134 | D:1      | Reached XP level 2. HP: 20/27 MP: 2/2
   666 | D:2      | Reached XP level 3. HP: 15/34 MP: 3/3
   696 | D:2      | Found a white marble altar of Elyvilon.
   834 | D:2      | Reached XP level 4. HP: 29/42 MP: 4/4
   899 | D:2      | Reached skill level 4 in Armour
  1505 | D:3      | Reached XP level 5. HP: 30/49 MP: 5/5
  2380 | D:4      | Noticed an ogre
  2403 | D:5      | Entered Level 5 of the Dungeon
  2467 | D:5      | Noticed a slave
  2469 | D:5      | Noticed Pikel
  2530 | D:4      | Killed an ogre
  2530 | D:4      | Reached skill level 5 in Armour
  2530 | D:4      | Reached XP level 6. HP: 14/57 MP: 6/6
  2550 | D:4      | Found an iron altar of Okawaru.
  2603 | D:4      | Got a crude dagger
  2621 | D:4      | Identified the +4 dagger of Soixunk {pierce, -Tele rN+ Int+3} (You found it on level 4 of the Dungeon)
  2859 | D:4      | Noticed an ogre
  2870 | D:4      | Killed an ogre
  2870 | D:4      | Reached skill level 5 in Shields
  2870 | D:4      | Reached XP level 7. HP: 30/66 MP: 7/7
  3290 | D:5      | Noticed a water moccasin
  3333 | D:5      | HP: 3/66 [water moccasin (2)]
  3374 | D:5      | HP: 3/66 [water moccasin (2)]
  3382 | D:5      | HP: 3/66 [water moccasin (1)]
  3384 | D:5      | Killed from afar by an orc wizard

Action                   |  1- 3 |  4- 6 |  7- 9 || total
-------------------------+-------+-------+-------++-------
Melee: Flail             |   137 |   292 |       ||   429
       Dagger            |       |    30 |    60 ||    90
       Short sword       |       |       |    76 ||    76
Evoke: Wand              |     1 |     2 |     2 ||     5
  Use: Scroll            |       |     1 |     1 ||     2
  Eat: Meat ration       |       |     2 |     1 ||     3
       Bread ration      |       |       |     1 ||     1
       Royal jelly       |       |       |     1 ||     1
